 Dungeon Crawl Stone Soup version 0.29.1-2-gbd0b4ee654 (webtiles) character file.

Game seed: 6955497095900139792

326 LustLizard the Shooter (level 6, -4/32 HPs)
             Began as a Spriggan Arcane Marksman on Oct 29, 2022.
             Shot with an arrow by a centaur (12 damage)
             ... on level 4 of the Dungeon.
             The game lasted 00:04:46 (3861 turns).

LustLizard the Shooter (Spriggan Arcane Marksman)   Turns: 3861, Time: 00:04:47

Health: -4/32      AC:  2    Str:  6    XL:     6   Next: 24%
Magic:  9/9        EV: 16    Int: 14    God:
Gold:   147        SH:  5    Dex: 18    Spells: 6/7 levels left

rFire   . . .      SeeInvis +   a - +1 sling
rCold   . . .      Faith    .   m - +0 buckler
rNeg    + . .      Spirit   .   c - +0 robe
rPois   .          Reflect  .   (helmet restricted)
rElec   .          Harm     .   (no cloak)
rCorr   .          Rampage  .   (gloves unavailable)
Will    +....                   (boots unavailable)
Stlth   +++.......              (no amulet)
HPRegen 0.10/turn               e - ring of positive energy
MPRegen 0.11/turn               (no ring)

@: very quick
A: very small, no large weapons, unfitting armour, see invisible, speed 3
a: no special abilities


You were on level 4 of the Dungeon.
You visited 1 branch of the dungeon, and saw 4 of its levels.

You collected 147 gold pieces.

Inventory:

Hand Weapons
 a - a +1 sling (weapon)
Armour
 c - a +0 robe (worn)
 m - a +0 buckler (worn)
Jewellery
 e - a ring of positive energy (left hand)
Scrolls
 b - a scroll of poison
 f - a scroll of butterflies {unknown}
 g - a scroll of teleportation {unknown}
 i - a scroll of enchant armour {unknown}
 j - a scroll of silence {unknown}
 k - a scroll of vulnerability {unknown}
 l - 2 scrolls of enchant weapon {unknown}
 o - a scroll of magic mapping {unknown}
Potions
 d - a potion of attraction
 h - 2 potions of curing
 n - a potion of berserk rage
 q - a potion of haste


   Skills:
 + Level 2.5 Fighting
 * Level 4.8 Ranged Weapons
 - Level 2.6 Dodging
 + Level 4.5 Stealth
 - Level 1.3 Spellcasting
 - Level 4.0 Hexes


You had 6 spell levels left.
You knew the following spells:

 Your Spells              Type           Power      Damage    Failure   Level
a - Slow                  Hex            48%        N/A       11%         1

Your spell library contained the following spells:

 Spells                   Type           Power      Damage    Failure   Level
 Tukima's Dance           Hex            12%        N/A       32%         3
 Foxfire                  Conj/Fire      0%         2x1d4     50%         1
 Inner Flame              Hex/Fire       6%         N/A       58%         3
 Portal Projectile        Hex/Tloc       12%        N/A       58%         3
 Cause Fear               Hex            6%         N/A       71%         4
 Conjure Flame            Conj/Fire      0%         6-21      86%         3
 Flame Wave               Conj/Fire      0%         2d4       99%         4
 Blade Hands              Tmut           0%         N/A       100%        5


Dungeon Overview and Level Annotations

Branches:
Dungeon (4/15)
 Temple: D:4-7

Altars:
Cheibriados
Hepliaklqana


Innate Abilities, Weirdness & Mutations

You are very small and have problems with some larger weapons.
You are too small for most types of armour.
You have supernaturally acute eyesight. (SInv)
You cover ground extremely quickly. (Speed+++)


Message History

The sling bullet hits the orc but does no damage.
You shoot a sling bullet.
The sling bullet hits the orc but does no damage.
You shoot a sling bullet.
The sling bullet closely misses the orc.
You shoot a sling bullet.
The sling bullet closely misses the orc.
You shoot a sling bullet. The sling bullet barely misses the orc.
You shoot a sling bullet. The sling bullet hits the orc!
You kill the orc!
No target in view!
You see here 6 stones.
There is a stone staircase leading down here.
You climb downwards.
Found 16 gold pieces.
There is a stone staircase leading up here.
HP restored.
You now have 147 gold pieces (gained 16).
You open the door.
Found an escape hatch in the floor.
There is an open door here.
A centaur comes into view.
The centaur wields a +0 shortbow.
The centaur shoots an arrow.
The arrow hits you.
You shoot a sling bullet. The sling bullet hits the centaur.
The centaur is lightly wounded.
The centaur shoots an arrow.
The arrow hits you!
A ball python comes into view.
Found a scroll of identify.
A kobold comes into view. It is wielding a +0 short sword.
The centaur shoots an arrow.
The arrow misses you.
The centaur shoots an arrow.
The arrow hits you.
The centaur shoots an arrow.
The arrow closely misses you.
The centaur shoots an arrow.
The arrow hits you!
* * * LOW HITPOINT WARNING * * *
The centaur shoots an arrow.
The arrow barely misses you.
You feel much better.
The centaur shoots an arrow.
The arrow hits you!
* * * LOW HITPOINT WARNING * * *
The centaur shoots an arrow.
The arrow hits you!
You die...

..####.#...####
#S#.#.### #
#.#.#...##.
##.........c +#
##..#S#c#.###
##...###...#.#.....
...8.........#..###
##...###...#.....<#
+# ##..###@...#
##.# #.##.#
#.###'##.#.#
#..........#
#.......#..#
................
##..........#.##
#.♣♣♣♣.>...#... ..♣
♣♣.##.# .


You could see a centaur.

Vanquished Creatures
  The ghost of CBASSkasper the Chopper, an amateur MiBe of Trog (D:3)
  A scorpion (D:3)
  A bullfrog zombie (D:3)
  A bullfrog skeleton (D:3)
  A centaur skeleton (D:3)
  A killer bee zombie (D:3)
  An adder (D:3)
  A worm (D:2)
  A dart slug (D:1)
  6 orcs (D:3)
  3 bats
  3 endoplasms (D:1)
  A giant cockroach (D:2)
  6 goblins
  3 hobgoblins
  3 jackals (D:1)
  8 kobolds
  2 quokkas (D:3)
  3 ball pythons
  7 frilled lizards
  4 rats
58 creatures vanquished.

Notes
Turn   | Place    | Note
-------+----------+-------------------------------------------
     0 | D:1      | LustLizard the Spriggan Arcane Marksman began the quest for
                  | the Orb.
     0 | D:1      | Reached XP level 1. HP: 9/9 MP: 3/3
   303 | D:1      | Reached skill level 1 in Fighting
   303 | D:1      | Reached XP level 2. HP: 6/14 MP: 5/5
   668 | D:1      | Reached skill level 1 in Stealth
  1104 | D:1      | Found a faded altar of an unknown god.
  1320 | D:2      | Reached XP level 3. HP: 18/18 MP: 6/6
  1399 | D:2      | Identified the +1 chain mail of the Falcon {Regen+ Str+6
                  | Slay+2}
  1663 | D:2      | Found a snail-covered altar of Cheibriados.
  2456 | D:3      | Found a hazy altar of Hepliaklqana.
  2599 | D:3      | Reached XP level 4. HP: 22/22 MP: 7/7
  2611 | D:3      | Noticed a scorpion
  2648 | D:3      | Killed a scorpion
  2712 | D:3      | Found a runed translucent gate.
  2713 | D:3      | Found a runed translucent gate.
  2714 | D:3      | Found a runed translucent gate.
  2720 | D:3      | Noticed CBASSkasper's ghost (amateur MiBe)
  3270 | D:3      | Reached XP level 5. HP: 26/26 MP: 6/8
  3641 | D:3      | Killed CBASSkasper's ghost
  3642 | D:3      | Reached XP level 6. HP: 32/32 MP: 7/9
  3861 | D:4      | Shot with an arrow by a centaur

Illustrated notes

Levels and vault maps discovered:
D:1:      roderic_dead_forest, layout_basic,
          dreamdust_ecumenical_altar_angels_and_demons
D:2:      layout_loops_ring, basic_altar
D:3:      layout_loops_ring, marbit_many_paths, gammafunk_ghost_necromancy
D:4:      cheibrodos_barr_body, layout_basic, nicolae_overflow_hidden_temple,
          minmay_temple_entry_large_hall, serial_forest,
          infiniplex_forest_end_2, infiniplex_forest_lined_3,
          infiniplex_forest_end_1, infiniplex_forest_clump_curved,
          infiniplex_forest_clump_curved, minmay_puff

Skill      XL: |  1  2  3  4  5 |
---------------+----------------+-----
Fighting       | 1 2 |  2.5
Stealth        | 1 2 3 4 |  4.5
Hexes          | 4 |  4.0
Ranged Weapons | 3 4 |  4.8
Dodging        | |  2.6
Spellcasting   | |  1.3

Action                   |  1- 3 |  4- 6 || total
-------------------------+-------+-------++-------
 Fire: Sling             |   155 |    75 ||   230
 Cast: Slow              |     1 |     8 ||     9
  Use: Scroll            |     4 |     1 ||     5
       Potion            |       |     1 ||     1
Armor: Robe              |     4 |     2 ||     6
Dodge: Dodged            |    58 |    29 ||    87
Block: Buckler           |     8 |    12 ||    20
